Map: Catalyst LE

Players

Gerodar

  • Race: Zerg Zerg
  • League: Diamond
  • Spawn Location: 11:00

BaNaNaSKY - Winner!

  • Race: Terran Terran
  • League: Diamond
  • Spawn Location: 5:00

VOD

Have the link to the VOD?

Description

I am struggling to play vs lategame Terran comps and this was (in my opinion) my best try so far. I am a Diamond 2 Zerg (Gerodar)

Time

  • Played on: May 5, 2018, 5:53 a.m.
  • Length: 25:04
Show
View Real Time Build Order
Export as new Build Order

Gerodar Zerg 

Build Orders: Hatch First 

Get SALT Encoding   

  12  0:01  Drone  
  13  0:12  Overlord  
  13  0:17  Drone  
  14  0:31  Drone x2  
  14  0:34  Drone  
  17  0:54  Hatchery  
  17  0:56  Drone  
  17  0:59  Drone  
  18  1:10  Extractor  
  17  1:15  Spawning Pool  
  17  1:17  Drone  
  17  1:21  Drone  
  18  1:28  Drone  
  19  1:40  Overlord  
  19  1:52  Drone  
  20  2:02  Queen, Zergling x2  
  20  2:06  Queen  
  20  2:07  Zergling x2  
  26  2:11  Drone  
  27  2:17  Drone  
  27  2:18  Metabolic Boost  
  28  2:26  Drone  
  29  2:31  Drone  
  30  2:44  Hatchery  
  29  2:45  Drone x2  
  29  2:48  Drone  
  32  2:54  Drone x2  
  34  3:00  Overlord  
  34  3:05  Overlord  
  34  3:12  Queen  
  36  3:20  Drone x4  
  36  3:21  Drone x2  
  41  3:28  Queen  
  41  3:31  Drone  
  44  3:35  Baneling Nest  
  44  3:39  Drone  
  44  3:41  Drone x3  
  44  3:44  Overlord  
  47  3:53  Zergling x4  
  53  3:55  Drone x4  
  53  4:00  Extractor  
  52  4:03  Queen, Evolution Chamber  
  52  4:04  Drone  
  52  4:05  Drone  
  55  4:28  Lair  
  55  4:29  Extractor  
  54  4:31  Drone  
  54  4:32  Drone x2  
  54  4:35  Zerg Melee Weapons Level 1, Overlord x4  
  57  4:54  Zergling x6  
  57  4:55  Zergling x2  
  57  4:58  Drone x2  
  57  4:59  Drone  
  64  5:23  Hatchery, Spore Crawler, Drone  
  64  5:24  Drone x9  
  72  5:29  Centrifical Hooks  
  72  5:31  Hydralisk Den, Zergling x2  
  72  5:36  Extractor  
  72  5:38  Extractor  
  70  5:47  Baneling x4  
  70  6:00  Hydralisk x2  
  70  6:01  Hydralisk, Grooved Spines  
  76  6:10  Drone x7  
  76  6:11  Drone  
  84  6:13  Spine Crawler  
  84  6:18  Spore Crawler  
  82  6:19  Zergling x14  
  82  6:20  Spore Crawler  
  82  6:21  Baneling x2  
  82  6:22  Baneling  
  88  6:26  Overseer  
  88  6:47  Overlord x4  
  88  6:50  Zerg Melee Weapons Level 2  
  88  6:56  Infestation Pit  
  88  6:59  Evolution Chamber, Drone x2  
  88  7:06  Drone x2  
  90  7:10  Drone x15  
  90  7:12  Muscular Augments  
  105  7:18  Hydralisk x5  
  115  7:34  Queen  
  115  7:35  Drone  
  115  7:36  Drone x2  
  120  7:38  Overseer  
  120  7:40  Hive  
  120  7:41  Zerg Ground Armor Level 1  
  120  7:43  Hatchery  
  119  7:45  Overlord x4  
  119  7:51  Spore Crawler  
  119  7:53  Extractor  
  119  7:54  Extractor  
  115  7:59  Zergling x2  
  115  8:00  Zergling x8  
  115  8:01  Overlord x2  
  115  8:02  Overlord x2  
  115  8:04  Queen x2  
  115  8:05  Extractor  
  122  8:25  Drone x6  
  125  8:45  Hydralisk  
  125  8:46  Hydralisk x4  
  125  8:47  Zergling x20  
  145  9:00  Spire  
  144  9:15  Zergling x28  
  158  9:18  Baneling x3  
  158  9:19  Overseer, Baneling x2  
  158  9:23  Drone x10  
  168  9:27  Zergling x4  
  168  9:29  Overseer  
  170  9:34  Adrenal Glands  
  170  9:37  Zerg Ground Armor Level 2, Zerg Melee Weapons Level 3  
  166  9:52  Zergling x24  
  163  9:53  Zergling x16  
  151  10:03  Zergling x8  
  151  10:04  Zergling x8  
  144  10:15  Zergling x2  
  144  10:16  Zergling x12  
  141  10:22  Extractor  
  141  10:24  Extractor, Baneling x3  
  141  10:28  Greater Spire  
  135  10:32  Zergling x8  
  135  10:33  Zergling x18  
  140  10:40  Hatchery  
  137  10:44  Zergling x2  
  137  10:45  Zergling x6  
  137  10:47  Baneling  
  137  10:48  Baneling x7  
  137  10:49  Baneling  
  141  11:03  Baneling x2  
  141  11:05  Hatchery  
  141  11:09  Zergling x26  
  141  11:10  Zergling x2  
  143  11:26  Zergling x18  
  143  11:27  Zergling x6  
  148  11:38  Corruptor x5  
  158  11:58  Zerg Ground Armor Level 3  
  158  11:59  Zergling x22  
  169  12:04  Corruptor x2  
  169  12:08  Baneling x7  
  173  12:09  Baneling x6  
  173  12:10  Hydralisk x5  
  173  12:11  Hydralisk  
  173  12:14  Brood Lord x2, Zerg Missile Weapons Level 1  
  161  12:32  Zergling x16  
  161  12:33  Zergling x8  
  130  12:46  Hydralisk  
  130  12:47  Hydralisk x4  
  129  13:02  Drone x7  
  129  13:29  Baneling x11  
  129  13:30  Zergling x2  
  129  13:31  Zergling x32  
  129  13:33  Hatchery, Brood Lord x4  
  153  13:40  Corruptor  
  153  13:41  Corruptor x2  
  159  13:57  Corruptor x3  
  167  14:12  Zergling x2  
  168  14:21  Corruptor  
  168  14:22  Corruptor  
  162  14:32  Zergling x2  
  162  14:33  Zergling x28  
  144  14:53  Queen  
  144  14:54  Queen  
  144  14:55  Drone x7  
  152  15:03  Queen  
  153  15:10  Extractor  
  153  15:12  Extractor  
  151  15:19  Zergling x4  
  151  15:20  Zergling x16  
  159  15:26  Zerg Missile Weapons Level 2  
  157  15:32  Spire  
  156  15:49  Hatchery  
  150  16:05  Hatchery  
  150  16:10  Hydralisk x7  
  150  16:11  Hydralisk x2  
  126  16:32  Hydralisk  
  126  16:33  Hydralisk x8  
  126  16:38  Queen  
  143  16:49  Corruptor x2  
  143  16:50  Corruptor x2  
  144  16:55  Viper x3  
  147  17:15  Corruptor  
  147  17:16  Corruptor x2  
  153  17:32  Baneling  
  153  17:43  Zergling x8  
  153  17:44  Zergling x30  
  169  17:57  Greater Spire  
  168  18:24  Overlord x7  
  165  18:52  Unknown x3  
  135  18:59  Corruptor x4  
  135  19:00  Corruptor x5  
  131  19:38  Hatchery  
  120  19:54  Hatchery  
  107  20:02  Brood Lord x2  
  101  20:07  Spore Crawler  
  101  20:08  Spore Crawler  
  99  20:38  Corruptor x2  
  103  20:59  Zergling x2  
  103  21:00  Zergling x8  
  93  21:40  Hatchery  
  86  22:01  Zergling x2  
  86  22:02  Zergling x4  
  86  23:19  Hatchery  
  85  23:24  Zergling x6  
  85  23:25  Zergling x8  
  92  23:44  Overseer  
  90  23:59  Extractor  
  90  24:01  Extractor  
  80  24:42  Zergling x18  
  80  24:43  Zergling x32  
Show
View Real Time Build Order
Export as new Build Order

BaNaNaSKY Terran - Winner!

Build Orders: MMM Bio 

Get SALT Encoding   

  12  0:01  SCV  
  13  0:13  SCV  
  14  0:18  Supply Depot  
  14  0:25  SCV  
  15  0:39  SCV  
  16  0:52  SCV  
  17  1:00  Barracks  
  17  1:04  Command Center  
  17  1:06  SCV  
  18  1:17  Barracks  
  18  1:20  SCV  
  19  1:34  Barracks, SCV  
  20  1:44  Refinery  
  20  1:47  SCV  
  21  1:59  SCV  
  22  2:06  Marine  
  23  2:13  Orbital Command  
  23  2:18  Orbital Command  
  23  2:21  Marine  
  24  2:23  Marine  
  25  2:39  Marine  
  25  2:40  SCV  
  25  2:41  Marine  
  28  2:46  SCV  
  29  2:54  Command Center  
  29  2:56  SCV  
  29  2:57  Marine  
  31  2:59  SCV  
  31  3:03  Marine  
  33  3:08  Factory  
  33  3:10  SCV  
  34  3:13  Supply Depot  
  34  3:15  SCV  
  35  3:21  Bunker  
  35  3:25  SCV  
  36  3:29  Marine, Barracks Tech Lab  
  36  3:30  SCV  
  36  3:33  Refinery  
  38  3:39  SCV  
  39  3:43  Supply Depot x2  
  39  3:44  SCV  
  40  3:50  Marine  
  40  3:54  Barracks Tech Lab  
  41  3:56  SCV  
  41  4:01  SCV  
  43  4:03  Siege Tank  
  43  4:06  Refinery  
  46  4:10  Orbital Command  
  46  4:14  Marine  
  46  4:16  Barracks  
  47  4:17  Stimpack  
  47  4:19  SCV  
  48  4:26  Marine  
  48  4:28  SCV  
  50  4:31  SCV  
  50  4:33  Marine  
  50  4:36  Engineering Bay  
  52  4:40  SCV x2  
  52  4:42  Starport  
  54  4:49  Factory Reactor, Engineering Bay  
  54  4:50  Barracks Reactor  
  54  4:54  SCV  
  54  4:57  SCV x2  
  54  4:59  Marine  
  58  5:01  Supply Depot  
  58  5:04  Barracks Reactor  
  58  5:08  SCV  
  58  5:09  SCV  
  58  5:11  Barracks  
  58  5:12  Barracks  
  58  5:13  SCV  
  61  5:15  Terran Infantry Weapons Level 1  
  61  5:20  Terran Infantry Armor Level 1  
  61  5:23  Supply Depot, Refinery, SCV  
  61  5:25  SCV  
  63  5:34  SCV  
  63  5:35  Marine x2  
  65  5:38  Medivac  
  65  5:40  Medivac  
  65  5:41  Marine x3  
  73  5:46  SCV  
  73  5:49  Supply Depot  
  74  5:50  SCV x2  
  76  6:02  Marine x2, Barracks, Barracks Reactor x2  
  76  6:03  Marine x3  
  81  6:08  Armory  
  81  6:11  Supply Depot, Barracks  
  81  6:16  Medivac  
  83  6:23  Combat Shields  
  83  6:25  Marine x4  
  86  6:26  Marine  
  88  6:33  Orbital Command  
  88  6:36  SCV x2  
  90  6:40  Marine x2  
  90  6:41  Missile Turret, Marine x2  
  90  6:43  Supply Depot, Marine  
  95  6:48  SCV  
  95  6:51  Marine x2  
  95  6:52  Marauder  
  95  6:53  Barracks Tech Lab  
  100  6:54  Supply Depot  
  100  6:56  Siege Tank  
  100  6:58  Supply Depot, Terran Vehicle Weapons Level 1  
  103  7:02  SCV  
  103  7:03  SCV x2  
  103  7:04  Marine x3  
  109  7:10  Terran Infantry Weapons Level 2  
  109  7:15  Marine x2  
  109  7:16  Marine, Marauder  
  114  7:24  SCV x3  
  114  7:26  Supply Depot  
  114  7:27  Supply Depot  
  117  7:30  Barracks Tech Lab  
  117  7:31  Siege Tank, Marine x2  
  117  7:35  Terran Infantry Armor Level 2  
  122  7:38  SCV x3  
  122  7:42  Supply Depot  
  125  7:45  Refinery  
  125  7:46  Refinery  
  125  7:49  Supply Depot  
  125  7:50  SCV  
  125  7:51  Supply Depot, Marine, Marauder  
  126  7:52  Marauder  
  126  7:53  SCV  
  126  7:58  SCV  
  133  8:05  Marine x3  
  134  8:06  Marine x4  
  134  8:10  Supply Depot, SCV  
  134  8:11  Supply Depot  
  141  8:12  Supply Depot  
  141  8:17  Marauder  
  141  8:18  Siege Tank, Marauder  
  147  8:22  SCV  
  147  8:26  Supply Depot  
  148  8:30  Marine x6  
  148  8:31  Medivac x2  
  158  8:36  Missile Turret, Marine  
  159  8:44  Marauder  
  159  8:45  Marauder  
  159  8:46  SCV x3  
  159  8:47  Marine  
  167  8:51  Barracks  
  167  8:53  Barracks  
  167  8:55  Siege Tank, Marine x2  
  170  8:58  Command Center  
  170  8:59  SCV  
  170  9:00  Marine  
  170  9:01  Marine  
  175  9:28  Marine x3, Marauder x2  
  175  9:29  Marine x5  
  185  9:39  Starport  
  185  9:44  Starport  
  185  9:46  Marine  
  185  9:50  Marauder  
  153  10:01  Unknown x5  
  153  10:03  Marine x4  
  153  10:04  Marine  
  149  10:11  Marine x2  
  149  10:12  Marine x3  
  149  10:13  Siege Tank  
  149  10:14  Viking  
  159  10:21  Marine x4, Viking  
  159  10:29  Marine  
  159  10:30  Marine x4  
  164  10:44  Viking, Marine x4, Marauder  
  164  10:48  Starport Tech Lab  
  172  10:51  Starport  
  172  10:52  Barracks Tech Lab  
  172  10:53  Barracks Tech Lab  
  172  11:00  Liberator  
  172  11:01  Liberator  
  169  11:15  Marauder  
  169  11:16  Marine x5, Marauder x3  
  169  11:17  Siege Tank, Marine x2  
  186  11:27  Marine  
  186  11:29  Supply Depot  
  186  11:31  Supply Depot  
  178  11:34  Marine, Planetary Fortress  
  178  11:36  Starport Reactor  
  178  11:37  Marauder x2  
  178  11:38  Marine x2  
  178  11:39  Marine, Marauder  
  188  11:48  Marauder  
  188  11:49  Marine  
  188  11:50  Marine x2  
  193  11:56  Siege Tank  
  193  11:58  Marauder  
  198  12:01  Starport Reactor  
  197  12:36  Liberator x3  
  153  12:50  Marine x10, Marauder x2  
  136  12:52  Medivac x2  
  136  12:53  Medivac  
  140  13:01  Concussive Shells  
  140  13:07  Refinery  
  140  13:08  Marine x8, Refinery  
  140  13:09  Marauder x2  
  140  13:11  Marine x2  
  148  13:13  Siege Tank  
  148  13:15  Terran Ship Weapons Level 1  
  148  13:18  Armory  
  147  13:28  Viking x2  
  147  13:29  Viking  
  147  13:30  Marine, Marauder x4  
  147  13:31  Marine x7  
  169  13:36  Viking x2  
  173  13:48  Marine x4  
  174  13:51  Marauder  
  179  14:02  Marine x2, Marauder x3  
  187  14:03  Viking x3  
  187  14:04  Viking  
  187  14:09  Marine  
  195  14:10  Marine x2  
  195  14:12  Terran Vehicle And Ship Armor Level 1  
  195  14:13  Marauder  
  165  14:51  Marine x2, Marauder x4  
  150  14:56  Marine x5  
  150  14:57  Medivac x3  
  150  14:58  Medivac x2  
  150  14:59  Siege Tank  
  163  15:12  Marauder x2  
  163  15:13  Marauder  
  169  15:15  Liberator x2  
  169  15:16  Liberator x3  
  161  15:29  Marine x5, Marauder  
  161  15:30  Marine x3  
  161  15:34  Marauder  
  188  15:41  Orbital Command  
  188  15:44  Thor  
  188  15:48  Terran Ship Weapons Level 2  
  194  15:51  Marine, Marauder x2  
  152  16:45  Viking x4  
  152  16:46  Marine x4  
  161  17:00  Viking x2  
  159  17:05  Refinery  
  159  17:06  Refinery  
  159  17:15  Viking  
  159  17:19  Marine x5  
  159  17:20  Marine x5  
  159  17:21  Marine x2  
  171  17:37  Marine x6  
  171  17:38  Marine x2  
  171  17:43  Viking x3  
  185  17:45  Viking x2  
  189  17:52  Command Center  
  188  18:32  Starport  
  188  18:33  Starport  
  188  18:34  Starport x2  
  147  19:08  Medivac x2, Marine  
  147  19:09  Marine x10, Marauder  
  161  19:11  Starport Tech Lab x2  
  161  19:12  Starport Tech Lab  
  155  19:26  Marine  
  155  19:27  Marine x8  
  155  19:29  Terran Infantry Armor Level 3  
  155  19:30  Terran Infantry Weapons Level 3  
  162  19:36  SCV x3  
  159  19:48  SCV  
  140  20:03  Viking x4  
  140  20:04  Viking x2  
  151  20:11  Starport Tech Lab  
  151  20:14  Command Center  
  149  20:42  Marine  
  149  20:43  Marine, Marauder x2  
  149  20:49  Raven x2  
  157  20:50  Raven x2  
  157  20:53  Corvid Reactor  
  156  21:32  Raven x2  
  154  21:33  Raven  
  158  22:06  Marine x4, Marauder  
  158  22:07  Marine x5  
  169  22:09  Raven  
  169  22:12  Hi-Sec Auto Tracking  
  169  22:14  Building Armor  
  150  22:59  Raven x4  
  158  23:07  Planetary Fortress  
  158  23:20  Viking x4  
  158  23:21  Viking  
  168  23:34  Refinery  
  168  23:37  Refinery  
  168  23:41  Thor  
  174  23:43  Marine, Marauder x2  
  179  23:48  Command Center  
  179  23:57  Marine x3, Marauder x2  
  179  23:58  Marine  
  187  24:24  Marine  
  187  24:25  Marine  
  187  24:26  Marine  
  187  24:37  Marine  
Tags
 
Composition
MMM Bio
Matchup
TvZ
Spawn Locations
Cross Positions
Add a new tag
Caveats
  • Supply blocks, unpowered buildings, or Contaminate may cause inaccurate times.
  • Supply counts are checked every 10 seconds.